 Dungeon Crawl Stone Soup version 0.30-a0-702-gdf48620a09 (webtiles) character file.

Game seed: 16684825544616053720

119396 Anon1729 the Swashbuckler (level 16, 0/145 HPs)
             Began as a Minotaur Monk on Jan 21, 2023.
             Was a Priest of Uskayaw.
             Killed from afar by a will-o-the-wisp (11 damage)
             ... with a foxfire
             ... on level 1 of the Swamp.
             The game lasted 00:33:42 (23275 turns).

Anon1729 the Swashbuckler (Minotaur Monk)          Turns: 23275, Time: 00:33:43

Health: 0/145      AC: 17    Str: 22    XL:     16   Next: 27%
Magic:  26/26      EV: 20    Int: 10    God:    Uskayaw [***...]
Gold:   2108       SH:  5    Dex: 22    Spells: 15/15 levels left

rFire   . . .      SeeInvis .    I - +3 quick blade (chaos)
rCold   + . .      Faith    +    W - +1 buckler {rC+}
rNeg    + . .      Spirit   .    F - +4 ring mail "Xigoidgh" {-Cast Regen+ Str+2 Dex+2}
rPois   .          Reflect  .    (helmet restricted)
rElec   +          Harm     .    j - +2 cloak
rCorr   +          Rampage  .    k - +0 pair of gloves
Will    +....      NoCast   +    V - +2 pair of boots {Stlth+}
Stlth   +++++                    M - amulet of faith
HPRegen 1.24/turn                N - ring of resist corrosion
MPRegen 0.20/turn                D - ring "Guicutrau" {Fly rElec rN+ Str+3 Int+3}

@: lethally poisoned (0 -> -5), flying
A: horns 2, retaliatory headbutt
a: Renounce Religion, Stomp, Line Pass


You were on level 1 of the Swamp.
You worshipped Uskayaw.
Uskayaw was pleased with you.
You visited 5 branches of the dungeon, and saw 24 of its levels.
You also visited: Gauntlet and Ice Cave.

You collected 3160 gold pieces.
You spent 1052 gold pieces at shops.

Inventory:

Hand Weapons
 I - a +3 quick blade of chaos (weapon)
Armour
 j - a +2 cloak (worn)
 k - a +0 pair of gloves (worn)
 F - the +4 ring mail "Xigoidgh" (worn) {-Cast Regen+ Str+2 Dex+2}
   (You found it on level 5 of the Dungeon)

   Str:       It affects your strength (+2).
   Dex:       It affects your dexterity (+2).
   -Cast:     It prevents spellcasting.
   Regen:     It increases your rate of health regeneration.
 V - a +2 pair of boots of stealth (worn)
 W - a +1 buckler of cold resistance (worn)
Jewellery
 u - a ring of see invisible
 w - a ring of protection from cold
 A - a +6 ring of dexterity
 C - a +4 ring of slaying
 D - the ring "Guicutrau" (right hand) {Fly rElec rN+ Str+3 Int+3}
   (You found it in a Gauntlet)

   [ring of flight]

   Str:       It affects your strength (+3).
   Int:       It affects your intelligence (+3).
   rElec:     It insulates you from electricity.
   rN:        It protects you from negative energy.
   Fly:       It grants you flight.
 M - an amulet of faith (around neck)
 N - a ring of resist corrosion (left hand)
Wands
 r - a wand of quicksilver (2)
 y - a wand of flame (59)
 R - a wand of mindburst (24)
 S - a wand of digging (6)
 T - a wand of iceblast (19)
 Z - a wand of charming (23)
Scrolls
 e - 4 scrolls of summoning
 g - 2 scrolls of fear
 l - a scroll of brand weapon
 m - 8 scrolls of teleportation
 o - 2 scrolls of immolation
 p - 2 scrolls of silence
 q - 4 scrolls of poison
 B - 4 scrolls of amnesia
 G - 3 scrolls of magic mapping
 J - 7 scrolls of vulnerability
 L - 6 scrolls of enchant armour
 O - 2 scrolls of blinking
 Q - 5 scrolls of torment
 U - 3 scrolls of fog
Potions
 a - 2 potions of magic
 c - 7 potions of ambrosia
 d - 6 potions of brilliance
 f - 4 potions of resistance
 h - 13 potions of curing
 i - 2 potions of cancellation {unknown}
 n - 4 potions of degeneration
 t - 6 potions of might
 v - 7 potions of lignification
 x - 7 potions of heal wounds
 z - 7 potions of flight
 H - 6 potions of mutation
 K - 4 potions of attraction
 P - 2 potions of berserk rage
 X - 3 potions of invisibility
Miscellaneous
 b - a phantom mirror
 s - a phial of floods
 E - a lightning rod (4/4)
 Y - a box of beasts


   Skills:
 + Level 13.9 Fighting
 * Level 16.7(16.9) Short Blades
 - Level 4.2(12.6) Long Blades
 - Level 3.0 Armour
 + Level 12.7 Dodging
 + Level 10.5 Stealth
 * Level 15.4 Invocations
 + Level 6.0 Evocations


You had 15 spell levels left.
You didn't know any spells.
Your spell library contained the following spells:

 Spells                   Type           Power      Damage    Failure   Level
 Apportation              Tloc           0%         N/A       63%         1
 Kiss of Death            Conj/Necr      0%         2d5       63%         1
 Blink                    Tloc           0%         N/A       77%         2
 Ensorcelled Hibernation  Hex/Ice        0%         N/A       77%         2
 Lesser Beckoning         Tloc           0%         N/A       77%         2
 Momentum Strike          Conj/Tloc      0%         3d8       77%         2
 Confusing Touch          Hex            0%         N/A       94%         3
 Spider Form              Tmut/Pois      0%         N/A       94%         3
 Tukima's Dance           Hex            0%         N/A       94%         3
 Anguish                  Hex/Necr       0%         N/A       100%        4
 Dispel Undead            Necr           0%         3d6       100%        4
 Leda's Liquefaction      Hex/Erth       0%         N/A       100%        4
 Passage of Golubria      Tloc           0%         N/A       100%        4
 Alistair's Intoxication  Tmut/Pois      0%         N/A       100%        5
 Fireball                 Conj/Fire      0%         3d3       100%        5
 Iskenderun's Battlesphe  Conj           0%         2d6       100%        5
 Lee's Rapid Deconstruct  Erth           0%         3d4*      100%        5
 Yara's Violent Unravell  Hex/Tmut       0%         3d3       100%        5
 Conjure Ball Lightning   Conj/Air       0%         3x3d6     100%        6
 Statue Form              Tmut/Erth      0%         N/A       100%        6
 Enfeeble                 Hex            0%         N/A       100%        7
 Orb of Destruction       Conj           0%         9d5       100%        7


Dungeon Overview and Level Annotations

Branches:
Dungeon (15/15)            Temple (0/1) D:7            Lair (5/5) D:11
  Swamp (1/4) Lair:3        Snake (0/4) Lair:3        Slime (0/5) Lair:4
    Orc (2/2) D:11            Elf (1/3) Orc:2        Vaults (0/5) D:14
 Depths (0/4) D:15          IceCv (visited)         Gauntlet (visited)

Altars:
Ashenzari
Cheibriados
Dithmenos
Fedhas
Gozag
Makhleb
Okawaru
Ru
Uskayaw
Wu Jian
Xom
Yredelemnul
Zin
The Shining One
Jiyva

Shops:
D:2 (=!(!   D:7 :   D:8 *   D:11 *   Orc:1 !   Orc:2 =[=(

Portals:
Hell: Lair:5

Annotations:
D:4 1 runed translucent door, Crazy Yiuf
D:12 Rupert


Innate Abilities, Weirdness & Mutations

You have a pair of horns on your head.
You reflexively headbutt those who attack you in melee.


Message History

2 foxfires come into view.
Aiming: Iceblast
Press: ? - help, Shift-Dir - straight line, f - spriggan rider
Aim: a spriggan rider, wielding a +1 spear of venom and wearing a +0 buckler The mass of ice explodes!
The iceblast engulfs the spriggan rider!!
The spriggan rider is heavily wounded.
The iceblast engulfs the spriggan rider!
The spriggan rider is moderately wounded.
The iceblast engulfs the goliath frog!!
The goliath frog is severely wounded.
You feel very sick.
The spriggan rider hits you from afar with a +1 spear of venom!
* * * LOW HITPOINT WARNING * * *
The goliath frog completely misses you.
Uskayaw will force your foes to helplessly watch your dance.
Uskayaw prepares the audience for your solo!
Aiming: Iceblast
Press: ? - help, Shift-Dir - straight line, f/p - spriggan rider
Aim: a spriggan rider, wielding a +1 spear of venom and wearing a +0 buckler (heavily wounded, paralysed)
Okay, then.
Unknown command.
Aiming: Iceblast
Press: ? - help, Shift-Dir - straight line, f/p - spriggan rider
Aim: a spriggan rider, wielding a +1 spear of venom and wearing a +0 buckler (heavily wounded, paralysed)
The mass of ice explodes!
The iceblast engulfs the spriggan rider!!
You kill the spriggan!
The hornet is severely wounded.
The iceblast engulfs the spriggan rider.
The spriggan rider is moderately wounded.
The iceblast engulfs the goliath frog!
You kill the goliath frog!
The iceblast engulfs the foxfire!
The foxfire is lightly damaged.
You feel very sick.
The foxfire is no longer paralysed. x2
The foxfire hits you but does no damage.
The foxfire hits you!
You die...

♣♣♣ ♣.♣ ♣♣♣ ♣~♣ ♣@♣
♣♣~♣ ♣v♣♣ ♣..♣ ♣§y♣
♣..♣ ♣i§♣♣
♣♣..♣♣♣§§v♣ ♣♣♣♣♣
♣♣.~...~~§.♣
.~..♣♣♣♣♣..~~~~~~~§♣
~§....~~.§~.♣~.~~~.♣
♣♣~~~~~~~.♣.~♣.♣~...♣


You could see a spriggan rider (paralysed), a will-o-the-wisp (paralysed) and a
hornet (paralysed).

Vanquished Creatures
  Jorgrun (D:12)
  Kirke (D:14)
  A stone giant (D:10)
  An eleionoma (Swamp:1)
  Nessos (D:15)
  A minotaur (Gauntlet)
  2 bunyips (Swamp:1)
  A dire elephant (Lair:5)
  Snorg (Lair:5)
  Josephine (Lair:5)
  A rakshasa (D:12)
  2 yaktaur captains (D:12)
  9 hydras
  Fannar (D:11)
  3 ogre magi
  2 catoblepae
  Harold (D:9)
  3 boulder beetles
  A centaur warrior (D:14)
  5 death yaks (Lair:4)
  A dancing weapon (Orc:2)
  2 alligators (Swamp:1)
  13 two-headed ogres
  A tengu warrior (D:14)
  An orc high priest (Orc:1)
  Nergalle (D:11)
  4 skeletal warriors
  2 goliath frogs (Swamp:1)
  3 deep trolls
  A sixfirhy (Lair:5)
  2 bog bodies (IceCv)
  3 wizards
  A deep elf archer (Elf:1)
  2 necromancers
  A harpy (shapeshifter) (D:15)
  A wolf spider (D:15)
  A deep elf zephyrmancer (Elf:1)
  7 deep elf pyromancers
  A will-o-the-wisp (Swamp:1)
  An oklob plant (Lair:3)
  2 orc sorcerers
  3 manticores
  21 elephants
  17 ugly things
  5 cyclopes
  3 centaur zombies (D:15)
  An ice statue (IceCv)
  2 naga magi (D:15)
  2 orange demons (Lair:5)
  A smoke demon (Lair:5)
  13 cane toads
  7 black mambas
  A black mamba (shapeshifter) (D:12)
  An unseen horror zombie (D:7)
  A centaur skeleton (D:15)
  10 rime drakes
  Psyche (D:11)
  2 gargoyles (Gauntlet)
  2 anaconda simulacra (IceCv)
  11 komodo dragons
  A freezing wraith (D:14)
  2 ice devils (Lair:5)
  3 tengu conjurers
  A red devil (Lair:5)
  A polar bear (Lair:1)
  12 trolls
  A hornet (Swamp:1)
  A tyrant leech (Swamp:1)
  9 dream sheep
  22 blink frogs
  A centaur simulacrum (D:15)
  Sigmund (D:6)
  2 culicivoras (shapeshifter)
  7 slime creatures
  3 shadows
  18 yaks
  2 spriggans (Swamp:1)
  A vampire (D:13)
  4 wraiths (Lair:5)
  9 wyverns
  7 hogs (D:14)
  A dire elephant simulacrum (IceCv)
  A basilisk (shapeshifter) (D:14)
  8 vampire mosquitoes
  Grum (D:8)
  5 basilisks
  3 death yak simulacra (IceCv)
  Menkaure (D:6)
  A warg (Orc:2)
  A harpy simulacrum (IceCv)
  Edmund (D:6)
  3 nagas (Lair:3)
  5 swamp worms
  4 hell hounds (Lair:5)
  A hydra simulacrum (IceCv)
  An acid dragon (D:10)
  11 water moccasins
  22 orc warriors
  3 ice beasts
  3 sky beasts
  3 black bears
  23 ogres
  7 centaurs
  15 wolves
  A phantom (D:6)
  3 kobold brigands
  Blork the orc (D:4)
  8 bullfrogs
  5 scorpions
  4 necrophages
  8 two-headed ogre simulacra (IceCv)
  6 cane toad simulacra (IceCv)
  2 water moccasin zombies (D:7)
  5 wights (D:8)
  An elephant simulacrum (IceCv)
  3 howler monkeys
  2 bullfrog zombies (D:7)
  A gnoll bouda (D:6)
  15 orc priests
  5 hounds
  8 iguanas
  22 orc wizards
  11 hell rats
  2 polar bear simulacra (IceCv)
  3 spriggan simulacra (IceCv)
  2 troll simulacra (IceCv)
  A wolf simulacrum (IceCv)
  A killer bee zombie (D:7)
  7 gnolls
  7 adders
  5 naga simulacra (IceCv)
  4 shadow imps
  21 white imps
  5 ufetubi
  3 worms
  4 dart slugs
  68 orcs
  9 bats
  6 endoplasms
  3 giant cockroaches (D:2)
  6 hobgoblins
  11 jackals
  4 quokkas
  8 ball pythons
  4 frilled lizards
  8 goblins
  16 kobolds
  10 rats
  A bush (D:7)
756 creatures vanquished.

Vanquished Creatures (others)
  An ufetubus (IceCv)
  6 bushes (Lair:1)
  5 foxfires (Swamp:1)
  21 fungi
  69 plants
  A withered plant (Gauntlet)
103 creatures vanquished.

Grand Total: 859 creatures vanquished

Notes
Turn   | Place    | Note
-------+----------+-------------------------------------------
     0 | D:1      | Anon1729 the Minotaur Monk began the quest for the Orb.
     0 | D:1      | Reached XP level 1. HP: 19/19 MP: 0/0
   217 | D:1      | Reached XP level 2. HP: 27/27 MP: 1/1
   635 | D:1      | Reached XP level 3. HP: 33/33 MP: 2/2
   761 | D:1      | Found a faded altar of an unknown god.
  1128 | D:2      | Found Uscho's Jewellery Boutique.
  1415 | D:2      | Found Daosch's Antique Weapon Shop.
  1642 | D:2      | Found Witair's Distillery.
  1654 | D:2      | Reached XP level 4. HP: 39/41 MP: 3/3
  1663 | D:2      | Bought a potion of degeneration for 12 gold pieces
  1663 | D:2      | Bought a potion of curing for 36 gold pieces
  1674 | D:2      | Found Nakocioc's Antique Weapon Shoppe.
  1828 | D:2      | Reached skill level 1 in Short Blades
  1862 | D:2      | Found Juyra's Distillery.
  2223 | D:3      | Identified the +3 whip "Enussur" {flame, rC+++ Str+3 Int-3}
  2422 | D:3      | Found a hide-covered altar of Uskayaw.
  2458 | D:3      | Became a worshipper of Uskayaw the Reveller
  2458 | D:3      | Reached * piety under Uskayaw
  2815 | D:3      | Found a faded altar of an unknown god.
  2917 | D:3      | Noticed a black bear
  2922 | D:3      | Reached ** piety under Uskayaw
  2924 | D:3      | Killed a black bear
  2924 | D:3      | Reached *** piety under Uskayaw
  2925 | D:3      | Reached skill level 2 in Short Blades
  2925 | D:3      | Reached skill level 1 in Invocations
  2925 | D:3      | Reached XP level 5. HP: 20/47 MP: 3/5
  3175 | D:4      | Noticed an ogre
  3328 | D:3      | Found a shimmering altar of Xom.
  3449 | D:4      | Reached XP level 6. HP: 36/55 MP: 6/6
  3578 | D:4      | Reached skill level 5 in Fighting
  3578 | D:4      | Reached skill level 3 in Short Blades
  3728 | D:4      | Found a snail-covered altar of Cheibriados.
  3959 | D:4      | Reached XP level 7. HP: 59/61 MP: 8/8
  4025 | D:4      | Noticed Blork the orc
  4032 | D:4      | Killed Blork the orc
  4135 | D:4      | Found a runed translucent door.
  4136 | D:4      | Noticed Crazy Yiuf
  4339 | D:4      | Reached skill level 4 in Short Blades
  4508 | D:4      | Reached skill level 5 in Dodging
  4821 | D:5      | Entered Level 5 of the Dungeon
  4843 | D:5      | Identified the ring of Dixisch {Wiz rElec rF- Int+2 Dex+3}
  5033 | D:5      | Identified the +4 ring mail "Xigoidgh" {-Cast Regen+ Str+2
                  | Dex+2}
  5040 | D:5      | Reached skill level 1 in Armour
  5090 | D:5      | Reached XP level 8. HP: 64/70 MP: 8/10
  5220 | D:5      | Reached skill level 5 in Short Blades
  5611 | D:6      | Found an ornate altar of the Wu Jian Council.
  5701 | D:6      | Noticed Menkaure
  5706 | D:6      | Killed Menkaure
  5958 | D:6      | Reached skill level 5 in Invocations
  6074 | D:6      | Found a shadowy altar of Dithmenos.
  6074 | D:6      | Found an opulent altar of Gozag.
  6146 | D:6      | Noticed Edmund
  6157 | D:6      | Killed Edmund
  6158 | D:6      | Reached skill level 6 in Short Blades
  6170 | D:6      | Noticed Sigmund
  6178 | D:6      | Killed Sigmund
  6179 | D:6      | Reached XP level 9. HP: 72/78 MP: 10/12
  6326 | D:2      | Bought a runed quick blade for 288 gold pieces
  6538 | D:7      | Found a staircase to the Ecumenical Temple.
  6873 | D:7      | Found a blossoming altar of Fedhas.
  7049 | D:7      | Found Nikk's Self-Improvement Boutique.
  7225 | D:7      | Reached skill level 7 in Short Blades
  7230 | D:7      | Reached **** piety under Uskayaw
  7286 | D:7      | Noticed a troll
  7288 | D:7      | Killed a troll
  7506 | D:7      | Reached skill level 5 in Stealth
  7507 | D:7      | Reached ***** piety under Uskayaw
  7629 | D:8      | Noticed a komodo dragon
  7647 | D:8      | Killed a komodo dragon
  7648 | D:8      | Reached XP level 10. HP: 69/86 MP: 14/14
  7702 | D:8      | Reached skill level 8 in Short Blades
  7849 | D:8      | Found a basalt altar of Yredelemnul.
  7851 | D:8      | Found an iron altar of Okawaru.
  7851 | D:8      | Found a broken altar of Ashenzari.
  7851 | D:8      | Found a glowing golden altar of the Shining One.
  7851 | D:8      | Noticed Grum
  7884 | D:8      | Found a sacrificial altar of Ru.
  7961 | D:8      | Killed Grum
  8047 | D:8      | Found Orraje's General Store.
  8056 | D:8      | Bought a scroll of teleportation for 42 gold pieces
  8063 | D:8      | Found a glowing silver altar of Zin.
  8248 | D:8      | Noticed a skeletal warrior
  8248 | D:8      | Noticed a centaur warrior
  8251 | D:8      | Noticed a gargoyle
  8254 | D:8      | Noticed a centaur warrior
  8257 | D:8      | Noticed a boulder beetle
  8438 | D:9      | Noticed Harold
  8458 | D:9      | Killed Harold
  8459 | D:9      | Reached skill level 9 in Short Blades
  8706 | D:9      | Noticed a two-headed ogre
  8714 | D:9      | Killed a two-headed ogre
  8954 | D:10     | Entered Level 10 of the Dungeon
  9239 | D:10     | Reached XP level 11. HP: 71/95 MP: 16/16
  9250 | D:10     | Reached ****** piety under Uskayaw
  9706 | D:10     | Noticed a white ugly thing
  9709 | D:10     | Noticed a stone giant
  9710 | D:10     | Killed a white ugly thing
  9764 | D:10     | Killed a stone giant
  9765 | D:10     | Reached skill level 10 in Short Blades
 10003 | D:11     | Found a staircase to the Orcish Mines.
 10026 | D:11     | Found a staircase to the Lair.
 10091 | D:11     | Noticed Nergalle
 10103 | D:11     | Killed Nergalle
 10135 | D:11     | Found Houjonlu's General Store.
 10136 | D:11     | Noticed Fannar
 10153 | D:11     | Killed Fannar
 10158 | D:11     | Bought a +2 pair of boots of stealth for 322 gold pieces
 10274 | D:11     | Noticed Psyche
 10276 | D:11     | Killed Psyche
 10523 | D:12     | Noticed Jorgrun
 10523 | D:12     | Noticed a brown ugly thing
 10538 | D:12     | Killed Jorgrun
 10539 | D:12     | Killed a brown ugly thing
 10540 | D:12     | Reached skill level 10 in Invocations
 10649 | D:12     | Noticed a white ugly thing
 10689 | D:12     | Killed a white ugly thing
 10697 | D:12     | Reached skill level 11 in Short Blades
 10819 | D:12     | Noticed a boulder beetle
 10835 | D:12     | Killed a boulder beetle
 10901 | D:12     | Reached XP level 12. HP: 95/106 MP: 18/18
 10933 | D:12     | Noticed a two-headed ogre
 10935 | D:12     | Killed a two-headed ogre
 10961 | D:12     | Noticed Rupert
 10970 | D:12     | Paralysed by Rupert for 3 turns
 11075 | D:13     | Reached skill level 10 in Fighting
 11591 | D:14     | Noticed Kirke
 11627 | D:14     | Killed Kirke
 11628 | D:14     | Reached skill level 12 in Short Blades
 11663 | D:14     | Noticed a centaur warrior
 11670 | D:14     | Killed a centaur warrior
 11678 | D:14     | Identified the +4 short sword "Hattobu" {freeze, *Noise rF+
                  | MP+9 Str+5}
 11823 | D:14     | Noticed a two-headed ogre
 11828 | D:14     | Killed a two-headed ogre
 11906 | D:14     | Found a gate to the Vaults.
 11971 | D:14     | Found an opulent altar of Gozag.
 12000 | D:14     | Noticed a boulder beetle
 12167 | Lair:1   | Entered Level 1 of the Lair of Beasts
 12176 | Lair:1   | Reached skill level 10 in Dodging
 12439 | Lair:1   | Reached XP level 13. HP: 110/115 MP: 20/20
 12644 | Lair:1   | Reached skill level 13 in Short Blades
 14087 | Lair:3   | You fall into a shaft and drop 2 floors!
 14087 | Lair:5   | Entered Level 5 of the Lair of Beasts
 14182 | Lair:4   | Identified the +0 halberd "Wecvapn" {flame, Str+7 Stlth-}
 14245 | Lair:4   | Reached skill level 1 in Evocations
 14339 | Lair:4   | Reached skill level 14 in Short Blades
 14354 | Lair:4   | Reached XP level 14. HP: 58/125 MP: 22/22
 14652 | Lair:4   | Found a staircase to the Slime Pits.
 14652 | Lair:4   | Found a viscous altar of Jiyva.
 15612 | Lair:5   | Noticed Josephine
 15660 | Lair:5   | Killed Josephine
 15944 | Lair:5   | Noticed Snorg
 15949 | Lair:5   | Killed Snorg
 15956 | Lair:5   | Found a burning altar of Makhleb.
 16014 | Lair:5   | Found a gateway to Hell.
 16597 | Lair:3   | Reached skill level 15 in Short Blades
 16865 | Lair:3   | Found a staircase to the Snake Pit.
 17276 | Lair:3   | Found a staircase to the Swamp.
 17497 | Orc:1    | Entered Level 1 of the Orcish Mines
 17565 | Orc:1    | Found Othreg's Distillery.
 17573 | Orc:1    | Bought a potion of berserk rage for 80 gold pieces
 17573 | Orc:1    | Bought a potion of flight for 48 gold pieces
 17573 | Orc:1    | Bought a potion of heal wounds for 80 gold pieces
 17573 | Orc:1    | Bought a potion of curing for 48 gold pieces
 17573 | Orc:1    | Bought 2 potions of attraction for 96 gold pieces
 17726 | Orc:2    | Entered Level 2 of the Orcish Mines
 17800 | Orc:2    | Found a gate leading to a gauntlet.
 17811 | Gauntlet | Entered a Gauntlet
 17811 | Gauntlet | Found a transporter.
 17821 | Gauntlet | Found a transporter.
 17823 | Gauntlet | Found a transporter.
 17825 | Gauntlet | Found a transporter.
 17826 | Gauntlet | Noticed a reaper
 17851 | Gauntlet | Found a transporter.
 17853 | Gauntlet | Found a transporter.
 17868 | Gauntlet | Found a transporter.
 17883 | Gauntlet | Found a transporter.
 17888 | Gauntlet | Found a transporter.
 17905 | Gauntlet | Found a transporter.
 17923 | Gauntlet | Found a transporter.
 17935 | Gauntlet | Found a transporter.
 17950 | Gauntlet | Found a transporter.
 17959 | Gauntlet | Found a transporter.
 17970 | Gauntlet | Found the +9 staff of Olgreb {rPois∞}
 17971 | Gauntlet | Found a transporter.
 17989 | Gauntlet | Found a transporter.
 18007 | Gauntlet | Found a transporter.
 18009 | Gauntlet | Found a transporter.
 18096 | Gauntlet | Reached XP level 15. HP: 89/134 MP: 24/24
 18238 | Gauntlet | Identified the ring "Guicutrau" {Fly rElec rN+ Str+3 Int+3}
 18404 | Orc:2    | Found a frozen archway.
 18445 | IceCv    | Entered an ice cave
 18710 | IceCv    | Identified the +1 scale mail "Iluuf" {Rampage rElec rF-
                  | Will+}
 19191 | Orc:2    | Found Qarir's Jewellery Shoppe.
 19455 | Orc:1    | Reached skill level 5 in Evocations
 19518 | Orc:2    | Found a staircase to the Elven Halls.
 19578 | Orc:2    | Found Volego's Armour Emporium.
 19579 | Orc:2    | Found Ygawoad's Antique Weapon Emporium.
 19584 | Orc:2    | Found Yzuisupo's Jewellery Shop.
 19842 | Orc:1    | Reached skill level 10 in Stealth
 20333 | D:12     | Reached skill level 16 in Short Blades
 20457 | D:12     | Found the +5 scythe "Finisher" {speed, eviscerate}
 21676 | D:15     | Entered Level 15 of the Dungeon
 21775 | D:15     | Noticed Nessos
 21798 | D:15     | Killed Nessos
 21801 | D:15     | Reached skill level 15 in Invocations
 21999 | D:15     | Found a staircase to the Depths.
 22136 | D:15     | Reached XP level 16. HP: 145/145 MP: 26/26
 22728 | Elf:1    | Entered Level 1 of the Elven Halls
 22938 | Swamp:1  | Entered Level 1 of the Swamp
 23275 | Swamp:1  | Killed from afar by a will-o-the-wisp

Illustrated notes

Levels and vault maps discovered:
D:1:      evilmike_arrival_rings, layout_loops_ring,
          shapermc_ecumenical_altar_flowoftime
D:2:      minmay_skewed_foursquare, layout_rooms, serial_bayou,
          serial_bayou_pond_a, serial_bayou_shore_a, serial_bayou_pond_b,
          serial_bayou_lagoon_b, serial_shops, nicolae_shop_hallway_stairs,
          shop, nicolae_lakefront_shop, nicolae_shop_stone, shop
D:3:      layout_basic, nicolae_overflow_ecumenical_swirl, lemuel_crystal_altar
D:4:      layout_loops_corners, lemuel_tele_altar, uniq_crazy_yiuf_cottage,
          uniq_blork_the_orc
D:5:      layout_cave_pools
D:6:      layout_loops_ring, mainiacjoe_overflow_paths,
          gammafunk_temple_overflow_statue, sigmund_edmund_badplayer,
          uniq_menkaure
D:7:      layout_cave_pods, fedhas_altar_decomposition,
          minmay_temple_entry_proselytizer, moated_statue, minmay_liquid_box,
          nicolae_shop_self_help
D:8:      layout_loops_ring, grunt_temple_overflow_open,
          overflow_temple_1_default, serial_shops, nicolae_shop_crystal,
          mrwooster_statue_mirror, onia_ninara_dug_in_and_dangerous, uniq_grum
D:9:      layout_roguey, uniq_harold
D:10:     layout_roguey [special_room_orc], wad_dig_loot
D:11:     layout_roguey, david_lair_generic, serial_shops,
          nicolae_shop_hallway_plus, uniq_fannar, uniq_psyche, uniq_nergalle
D:12:     minmay_shrinking_squares, layout_rooms, uniq_rupert, uniq_jorgrun
D:13:     layout_rooms
D:14:     layout_gridville, david_vaults_4, nicolae_gozag_seed_capital,
          uniq_kirke
D:15:     grunt_enter_depths_magical_seal, layout_stronghold,
          serial_column_ruins, column_ruins_hut, column_ruins_grid_3,
          column_ruins_open_tiny, column_ruins_grid_2, column_ruins_open_tiny,
          column_ruins_open_tiny, uniq_nessos
Lair:1:   layout_loops_ring, serial_forest, infiniplex_forest_end_2,
          infiniplex_forest_clump_cross, infiniplex_forest_clump_small,
          infiniplex_forest_lined_1, beast_lair_carwin_11
Lair:2:   layout_gridlike, worms_lemuel, grunt_megastairs_3
Lair:3:   layout_roguey, palyth_hydra_swamp_entry, nicolae_snake_entry_squirm
Lair:4:   layout_gridlike, slime_entry_1, special_room
          [special_room_mythical_zoo], nicolae_lair_lil_pond,
          infiniplex_staircase_pool_2
Lair:5:   evil_forest, layout_long_grid, uniq_snorg, uniq_josephine
Swamp:1:  layout_falls_marsh, evilmike_swamp_ruin_house_4
Orc:1:    layout_caves, serial_shops, shop
Orc:2:    st_orc_open, layout_caves, portal_ice_cave_entry_imps,
          gauntlet_entry_generic, basic_altar
Elf:1:    eino_elf_arrival_the_gate, layout_gridlike, orc_legates, uniq_roxanne

Skill      XL: |  1  2  3  4  5  6  7  8  9 10 11 12 13 14 15 16 |
---------------+-------------------------------------------------+-----
Fighting       | 4 5 6 7 8 9 10 11 12 13 | 13.9
Long Blades    | 4 |  4.2
Stealth        | 2 3 4 5 6 7 8 9 10 | 10.5
Dodging        | 4 5 6 7 9 10 11 12 | 12.7
Short Blades   | 2 3 4 6 7 9 11 12 14 15 16 | 16.7
Invocations    | 1 2 4 5 7 8 10 11 12 14 15 | 15.4
Armour         | 1 3 |  3.0
Evocations     | 2 4 5 6 |  6.0

Action                   |  1- 3 |  4- 6 |  7- 9 | 10-12 | 13-15 | 16-18 || total
-------------------------+-------+-------+-------+-------+-------+-------++-------
Melee: Falchion          |    85 |    11 |       |       |       |       ||    96
       Headbutt          |    15 |    11 |    77 |   182 |   547 |    48 ||   880
       Long sword        |       |    75 |   103 |       |       |       ||   178
       Punch             |       |       |     7 |    12 |    20 |       ||    39
       Quick blade       |       |       |   207 |   676 |  1772 |   145 ||  2800
Throw: Throwing net      |       |       |       |     1 |       |       ||     1
Invok: Stomp             |       |       |       |     1 |       |       ||     1
       Grand Finale      |       |       |       |     1 |     2 |       ||     3
Evoke: Wand              |       |       |       |     2 |     1 |     2 ||     5
       Lightning rod     |       |       |       |       |     3 |       ||     3
       Box of beasts     |       |       |       |       |     1 |       ||     1
  Use: Scroll            |       |       |     8 |     5 |    15 |     3 ||    31
       Potion            |       |       |       |     2 |     4 |     2 ||     8
 Stab: Sleeping          |     3 |     3 |    10 |    16 |    29 |     5 ||    66
       Paralysed         |       |       |     7 |    57 |   109 |    14 ||   187
       Distracted        |       |       |       |     4 |     2 |       ||     6
       Petrifying        |       |       |       |       |     3 |       ||     3
       Confused          |       |       |       |       |     2 |     1 ||     3
       Petrified         |       |       |       |       |     1 |       ||     1
Armor: Robe              |     8 |       |       |       |       |       ||     8
       Ring mail         |     6 |    35 |    44 |    81 |   189 |    21 ||   376
       Scale mail        |       |       |     7 |       |       |       ||     7
Dodge: Dodged            |    68 |    96 |   120 |   236 |   677 |    46 ||  1243
Block: Buckler           |       |       |       |       |   101 |    18 ||   119

Table legend: (Time is in decaauts)
 A = Elapsed time spent in this place.
 B = Non-inter-level travel time spent in this place.
 C = Inter-level travel time spent in this place.
 D = Time resting spent in this place.
 E = Time spent auto-exploring this place.
 F = Levels seen in this place.
 G = Mean time per level.
                   A        B        C        D        E       F      G
               +--------+--------+--------+--------+--------+-----+--------+
         Total |  21616 |  19898 |   1718 |    997 |  14699 |  26 |  831.4 |
       Dungeon |  14170 |  12982 |   1188 |    794 |   9817 |  15 |  944.7 |
          Lair |   4779 |   4457 |    322 |     31 |   3601 |   5 |  955.8 |
         Swamp |    287 |    287 |      0 |      0 |    205 |   1 |  287.0 |
  Orcish Mines |   1334 |   1128 |    206 |    115 |    691 |   2 |  667.0 |
   Elven Halls |     21 |     21 |      0 |      0 |      4 |   1 |   21.0 |
      Ice Cave |    549 |    549 |      0 |      0 |    354 |   1 |  549.0 |
      Gauntlet |    472 |    472 |      0 |     57 |     27 |   1 |  472.0 |
               +--------+--------+--------+--------+--------+-----+--------+

Top non-repeatable levels by time:
     D:4: 1663 daAuts
     D:3: 1273 daAuts
     D:2: 1250 daAuts
    D:14: 1204 daAuts
  Lair:5: 1154 daAuts
  Lair:3: 1049 daAuts
     D:1: 990 daAuts
    D:12: 931 daAuts
     D:7: 922 daAuts
  Lair:4: 922 daAuts
     D:6: 860 daAuts
   Orc:2: 848 daAuts
  Lair:2: 836 daAuts
    D:11: 824 daAuts
    D:15: 823 daAuts
